| TOP OF THE 1ST |
|
Kane County Cougars batting - Pitching for Lakewood BlueClaws : LHP Brian Wildrick
|
|
Pitching: LHP Brian Wildrick
|
|
|
Batting: RHB Dave Vargas
|
0-0: Ball 1-0: Ball 2-0: Swinging Strike 2-1: Ball 3-1: Foul Ball, location: 2F 3-2: Strikes out swinging
|
|
Batting: RHB Franklin Villanueva
|
0-0: Ground out 6-3 (Groundball, 6, EV 83.1 MPH)
|
|
Batting: RHB Matt Maxwell
|
0-0: Ball 1-0: Called Strike 1-1: Called Strike 1-2: Foul Ball, location: 2F 1-2: Ball 2-2: Strikes out swinging
|
| Top of the 1st over - 0 runs, 0 hits, 0 errors, 0 left on base; Kane County 0 - Lakewood 0 |
| BOTTOM OF THE 1ST |
|
Lakewood BlueClaws batting - Pitching for Kane County Cougars : LHP Nate Earnshaw
|
|
Pitching: LHP Nate Earnshaw
|
|
|
Batting: RHB Alberto Ramirez
|
0-0: Ball 1-0: Ball 2-0: Ball 3-0: Called Strike 3-1: SINGLE (Line Drive, 7S, EV 100.6 MPH)
|
|
Batting: RHB Victor Arroyo
|
0-0: Called Strike 0-1: Called Strike 0-2: Ball 1-2: Ball 2-2: Strikes out swinging
|
|
Batting: RHB Kyle Morse
|
0-0: Called Strike 0-1: Ball 1-1: Fly out, F9 (Flyball, 9LM, EV 94.4 MPH)
|
|
Batting: RHB Roberto Ruiz
|
0-0: Called Strike 0-1: Foul Ball, location: 2F 0-2: Ball 1-2: Foul Ball, location: 2F 1-2: Ball Alberto Ramirez steals 2nd base 2-2: Ball 3-2: Strikes out swinging
|
| Bottom of the 1st over - 0 runs, 1 hit, 0 errors, 1 left on base; Kane County 0 - Lakewood 0 |
| TOP OF THE 2ND |
|
Kane County Cougars batting - Pitching for Lakewood BlueClaws : LHP Brian Wildrick
|
|
Batting: RHB John Pena
|
0-0: Ball 1-0: Ground out 4-3 (Groundball, 4, EV 88.1 MPH)
|
|
Batting: RHB Marlon Reda
|
0-0: Ball 1-0: Foul Ball, location: 2F 1-1: Ball 2-1: Ball 3-1: Base on Balls
|
|
Batting: RHB Jake Hodge
|
0-0: Ball 1-0: Swinging Strike 1-1: Ball 2-1: Ball 3-1: Base on Balls Marlon Reda to second
|
|
Batting: LHB T.J. Duvall
|
0-0: Called Strike 0-1: Ball 1-1: Foul Ball, location: 2F 1-2: Fly out, F8 (Flyball, 8LM, EV 90.0 MPH)
|
|
Batting: LHB Brian Nielsen
|
0-0: Ball 1-0: Foul Ball, location: 2F 1-1: SINGLE (Line Drive, 6D, EV 95.0 MPH) Marlon Reda to third Jake Hodge to second
|
|
Batting: RHB Jason Rivers
|
0-0: Called Strike 0-1: Ball 1-1: TRIPLE (Flyball, 9LD, EV 95.0 MPH) Marlon Reda scores Jake Hodge scores Brian Nielsen scores
|
|
Batting: RHB Dave Vargas
|
0-0: Called Strike 0-1: Ball 1-1: Foul Ball, location: 2F 1-2: Foul Ball, location: 2F 1-2: Fly out, F8 (Flyball, 8LD, EV 77.5 MPH)
|
| Top of the 2nd over - 3 runs, 2 hits, 0 errors, 1 left on base; Kane County 3 - Lakewood 0 |
| BOTTOM OF THE 2ND |
|
Lakewood BlueClaws batting - Pitching for Kane County Cougars : LHP Nate Earnshaw
|
|
Batting: RHB Steve Jones
|
0-0: Ball 1-0: Called Strike 1-1: Foul Ball, location: 2F 1-2: Fly out, F4 (Line Drive, 4, EV 68.8 MPH)
|
|
Batting: LHB Jose Carlos
|
0-0: Foul Ball, location: 2F 0-1: Ball 1-1: Ground out 4-3 (Groundball, 4MS, EV 82.5 MPH)
|
|
Batting: RHB Pedro Mata
|
0-0: Ground out U3 (Groundball, 34, EV 80.0 MPH)
|
| Bottom of the 2nd over - 0 runs, 0 hits, 0 errors, 0 left on base; Kane County 3 - Lakewood 0 |
| TOP OF THE 3RD |
|
Kane County Cougars batting - Pitching for Lakewood BlueClaws : LHP Brian Wildrick
|
|
Batting: RHB Franklin Villanueva
|
0-0: Ball 1-0: Ball 2-0: DOUBLE (Line Drive, 89D, EV 106.3 MPH)
|
|
Batting: RHB Matt Maxwell
|
0-0: Ball 1-0: Swinging Strike 1-1: Ball 2-1: Swinging Strike 2-2: Strikes out swinging
|
|
Batting: RHB John Pena
|
0-0: Called Strike 0-1: Ball 1-1: Foul Ball, location: 2F 1-2: Ball 2-2: Ball 3-2: Strikes out looking
|
|
Batting: RHB Marlon Reda
|
0-0: Foul Ball, location: 2F 0-1: Ball 1-1: Ball 2-1: Ball 3-1: Base on Balls
|
|
Batting: RHB Jake Hodge
|
0-0: Hit by Pitch Franklin Villanueva to third Marlon Reda to second
|
|
Batting: LHB T.J. Duvall
|
0-0: Called Strike 0-1: Ball 1-1: Ball 2-1: Called Strike 2-2: Foul Ball, location: 2F 2-2: Ball 3-2: Strikes out swinging
|
| Top of the 3rd over - 0 runs, 1 hit, 0 errors, 3 left on base; Kane County 3 - Lakewood 0 |
| BOTTOM OF THE 3RD |
|
Lakewood BlueClaws batting - Pitching for Kane County Cougars : LHP Nate Earnshaw
|
|
Batting: LHB Troy Hodge
|
0-0: Swinging Strike 0-1: Foul Ball, location: 2F 0-2: Ball 1-2: Strikes out looking
|
|
Batting: RHB Pablo Lopez
|
0-0: Swinging Strike 0-1: Ball 1-1: SINGLE (Groundball, 6MD, EV 97.5 MPH)
|
|
Batting: RHB Alberto Ramirez
|
0-0: Called Strike 0-1: Ball 1-1: Swinging Strike 1-2: Foul Ball, location: 2F 1-2: Strikes out swinging
|
|
Batting: RHB Victor Arroyo
|
0-0: Ball 1-0: Ball 2-0: Foul Ball, location: 2F 2-1: Foul Ball, location: 2F Pickoff Throw to First - Error! E1 Pablo Lopez to second 2-2: Ball 3-2: DOUBLE (Line Drive, 78M, EV 112.5 MPH) Pablo Lopez scores
|
|
Batting: RHB Kyle Morse
|
0-0: SINGLE (Flyball, 56D, EV 89.4 MPH) Victor Arroyo to third
|
|
Batting: RHB Roberto Ruiz
|
0-0: Called Strike 0-1: Foul Ball, location: 2F 0-2: Ground out 1-3 (Groundball, 25, EV 76.3 MPH)
|
| Bottom of the 3rd over - 1 run, 3 hits, 1 error, 2 left on base; Kane County 3 - Lakewood 1 |
| TOP OF THE 4TH |
|
Kane County Cougars batting - Pitching for Lakewood BlueClaws : LHP Brian Wildrick
|
|
Batting: LHB Brian Nielsen
|
0-0: Called Strike 0-1: Foul Ball, location: 2F 0-2: Foul Ball, location: 2F 0-2: Ball 1-2: Ball 2-2: Ball 3-2: Strikes out swinging
|
|
Batting: RHB Jason Rivers
|
0-0: Foul Ball, location: 2F 0-1: Ball 1-1: Ball 2-1: DOUBLE (Groundball, 5L, EV 107.5 MPH)
|
|
Batting: RHB Dave Vargas
|
0-0: Called Strike 0-1: Ball 1-1: Swinging Strike 1-2: Ball 2-2: Ground out 6-3 (Groundball, 56D, EV 103.1 MPH)
|
|
Pitching: RHP Omar Pineda
|
|
|
Batting: RHB Franklin Villanueva
|
0-0: Ball 1-0: Ball Wild Pitch! Jason Rivers to third 2-0: Called Strike 2-1: Foul Ball, location: 2F 2-2: Strikes out looking
|
| Top of the 4th over - 0 runs, 1 hit, 0 errors, 1 left on base; Kane County 3 - Lakewood 1 |
| BOTTOM OF THE 4TH |
|
Lakewood BlueClaws batting - Pitching for Kane County Cougars : LHP Nate Earnshaw
|
|
Batting: RHB Steve Jones
|
0-0: Ball 1-0: Fly out, F9 (Flyball, 9LM, EV 101.9 MPH)
|
|
Pitching: LHP Justin Martin
|
|
|
Batting: LHB Jose Carlos
|
0-0: Ground out 4-3 (Groundball, 4, EV 84.4 MPH)
|
|
Batting: RHB Pedro Mata
|
0-0: Called Strike 0-1: Called Strike 0-2: Ground out 6-3 (Groundball, 6, EV 108.8 MPH)
|
| Bottom of the 4th over - 0 runs, 0 hits, 0 errors, 0 left on base; Kane County 3 - Lakewood 1 |
| TOP OF THE 5TH |
|
Kane County Cougars batting - Pitching for Lakewood BlueClaws : RHP Omar Pineda
|
|
Batting: RHB Matt Maxwell
|
0-0: Ball 1-0: Ball 2-0: Called Strike 2-1: Ball 3-1: Fly out, F3 (Popup, 3SF, EV 75.0 MPH)
|
|
Batting: RHB John Pena
|
0-0: Foul Ball, location: 2F 0-1: SINGLE (Groundball, 3D, EV 96.3 MPH)
|
|
Batting: RHB Marlon Reda
|
0-0: Foul Ball, location: 2F 0-1: Ball 1-1: Swinging Strike 1-2: Foul Ball, location: 2F 1-2: Strikes out looking
|
|
Batting: RHB Jake Hodge
|
0-0: Called Strike 0-1: Reached on error, E6 (Groundball, 6, EV 78.8 MPH) John Pena to second
|
|
Batting: LHB T.J. Duvall
|
0-0: Called Strike 0-1: Ball 1-1: 3-RUN HOME RUN (Flyball, 9LD, EV 93.8 MPH), Distance : 340 ft
|
|
Batting: LHB Brian Nielsen
|
0-0: Ground out 6-3 (Groundball, 6, EV 101.3 MPH)
|
| Top of the 5th over - 3 runs, 2 hits, 1 error, 0 left on base; Kane County 6 - Lakewood 1 |
| BOTTOM OF THE 5TH |
|
Lakewood BlueClaws batting - Pitching for Kane County Cougars : LHP Justin Martin
|
|
Batting: LHB Troy Hodge
|
0-0: Ball 1-0: Ball 2-0: Called Strike 2-1: Swinging Strike 2-2: Strikes out swinging
|
|
Batting: RHB Pablo Lopez
|
0-0: Foul Ball, location: 2F 0-1: Swinging Strike 0-2: Strikes out swinging
|
|
Batting: RHB Alberto Ramirez
|
0-0: Ball 1-0: Called Strike 1-1: SINGLE (Line Drive, 8RS, EV 96.3 MPH)
|
|
Batting: RHB Victor Arroyo
|
0-0: Called Strike 0-1: Ball 1-1: Called Strike 1-2: Fly out, F7 (Flyball, 78D, EV 96.9 MPH)
|
| Bottom of the 5th over - 0 runs, 1 hit, 0 errors, 1 left on base; Kane County 6 - Lakewood 1 |
| TOP OF THE 6TH |
|
Kane County Cougars batting - Pitching for Lakewood BlueClaws : RHP Omar Pineda
|
|
Batting: RHB Jason Rivers
|
0-0: Called Strike 0-1: Swinging Strike 0-2: Foul Ball, location: 2F 0-2: Strikes out looking
|
|
Batting: RHB Dave Vargas
|
0-0: Foul Ball, location: 2F 0-1: Ground out 6-3 (Groundball, 6, EV 98.1 MPH)
|
|
Batting: RHB Franklin Villanueva
|
0-0: Called Strike 0-1: Ball 1-1: Ball 2-1: Ground out 5-3 (Groundball, 56, EV 81.9 MPH)
|
| Top of the 6th over - 0 runs, 0 hits, 0 errors, 0 left on base; Kane County 6 - Lakewood 1 |
| BOTTOM OF THE 6TH |
|
Lakewood BlueClaws batting - Pitching for Kane County Cougars : LHP Justin Martin
|
|
Batting: RHB Kyle Morse
|
0-0: Ball 1-0: Called Strike 1-1: Foul Ball, location: 2F 1-2: Strikes out swinging
|
|
Batting: RHB Roberto Ruiz
|
0-0: Called Strike 0-1: Ball 1-1: Ball 2-1: Ball 3-1: Base on Balls
|
|
Batting: RHB Steve Jones
|
0-0: Called Strike 0-1: Fly out, F8 (Flyball, 89D, EV 96.3 MPH)
|
|
Batting: LHB Jose Carlos
|
0-0: Foul Ball, location: 2F 0-1: SINGLE (Groundball, 25, EV 68.1 MPH) (infield hit) Roberto Ruiz to second
|
|
Batting: RHB Pedro Mata
|
0-0: Ball 1-0: Foul Ball, location: 2F 1-1: Fly out, F4 (Popup, 4, EV 75.6 MPH)
|
| Bottom of the 6th over - 0 runs, 1 hit, 0 errors, 2 left on base; Kane County 6 - Lakewood 1 |
| TOP OF THE 7TH |
|
Kane County Cougars batting - Pitching for Lakewood BlueClaws : RHP Omar Pineda
|
|
Batting: RHB Matt Maxwell
|
0-0: Called Strike 0-1: Foul Ball, location: 2F 0-2: Ball 1-2: Foul Ball, location: 2F 1-2: Strikes out swinging, 2-3 out at first.
|
|
Batting: RHB John Pena
|
0-0: Ground out 5-3 (Groundball, 5S, EV 88.1 MPH)
|
|
Batting: RHB Marlon Reda
|
0-0: Called Strike 0-1: Foul Ball, location: 2F 0-2: Foul Ball, location: 2F 0-2: Ball 1-2: SINGLE (Groundball, 34D, EV 98.8 MPH)
|
|
Pitching: RHP Ricardo Dominguez
|
|
|
Batting: RHB Jake Hodge
|
0-0: Swinging Strike 0-1: Swinging Strike 0-2: Ball 1-2: Strikes out swinging
|
| Top of the 7th over - 0 runs, 1 hit, 0 errors, 1 left on base; Kane County 6 - Lakewood 1 |
| BOTTOM OF THE 7TH |
|
Lakewood BlueClaws batting - Pitching for Kane County Cougars : LHP Justin Martin
|
|
Batting: LHB Troy Hodge
|
0-0: Called Strike 0-1: Ball 1-1: Ball 2-1: Ball 3-1: Foul Ball, location: 2F 3-2: Base on Balls
|
|
Pitching: LHP Robert Fuentes
|
|
|
Batting: RHB Pablo Lopez
|
0-0: Ball 1-0: Foul Ball, location: 2F 1-1: Foul Ball, location: 2F 1-2: Strikes out swinging
|
|
Batting: RHB Alberto Ramirez
|
0-0: Called Strike 0-1: Ball 1-1: Ball 2-1: Fielders Choice at 2nd, 5-4 (Groundball, 56S, EV 89.4 MPH)
|
|
Batting: RHB Victor Arroyo
|
0-0: Called Strike 0-1: Foul Ball, location: 2F 0-2: Ball 1-2: Fielders Choice at 2nd, 6-4 (Groundball, 6, EV 78.8 MPH)
|
| Bottom of the 7th over - 0 runs, 0 hits, 0 errors, 1 left on base; Kane County 6 - Lakewood 1 |
| TOP OF THE 8TH |
|
Kane County Cougars batting - Pitching for Lakewood BlueClaws : RHP Ricardo Dominguez
|
|
Batting: LHB T.J. Duvall
|
0-0: DOUBLE (Flyball, 8LXD, EV 110.0 MPH)
|
|
Batting: LHB Brian Nielsen
|
0-0: Swinging Strike 0-1: Swinging Strike 0-2: Strikes out looking
|
|
Batting: RHB Jason Rivers
|
0-0: Ball 1-0: Called Strike 1-1: DOUBLE (Flyball, 8LXD, EV 95.0 MPH) T.J. Duvall scores
|
|
Batting: RHB Dave Vargas
|
0-0: Ball 1-0: Ball 2-0: Swinging Strike 2-1: Fly out, F9 (Flyball, 9, EV 93.1 MPH)
|
|
Batting: RHB Franklin Villanueva
|
0-0: Ball 1-0: Called Strike 1-1: Called Strike 1-2: Ball 2-2: SINGLE (Line Drive, 8RS, EV 106.9 MPH) Jason Rivers to third
|
|
Batting: RHB Matt Maxwell
|
0-0: Called Strike 0-1: Ball 1-1: Swinging Strike 1-2: Ball 2-2: Ground out 5-3 (Groundball, 56S, EV 83.8 MPH)
|
| Top of the 8th over - 1 run, 3 hits, 0 errors, 2 left on base; Kane County 7 - Lakewood 1 |
| BOTTOM OF THE 8TH |
|
Lakewood BlueClaws batting - Pitching for Kane County Cougars : LHP Robert Fuentes
|
|
Batting: RHB Kyle Morse
|
0-0: Ball 1-0: Called Strike 1-1: Fly out, F9 (Flyball, 9S, EV 88.8 MPH)
|
|
Batting: RHB Roberto Ruiz
|
0-0: Called Strike 0-1: Foul Ball, location: 2F 0-2: Ball 1-2: Ball 2-2: Fly out, F9 (Flyball, 9S, EV 88.1 MPH)
|
|
Batting: RHB Steve Jones
|
0-0: Ball 1-0: SINGLE (Groundball, 4MD, EV 105.6 MPH)
|
|
Batting: LHB Jose Carlos
|
0-0: DOUBLE (Line Drive, 78D, EV 106.3 MPH) Steve Jones to third Runner from 3rd tries for Home, SAFE, throw by CF to trailing runner, SAFE at third!
|
|
Pitching: RHP Rich Garces
|
|
|
Batting: RHB Pedro Mata
|
0-0: Called Strike 0-1: Called Strike 0-2: Ball 1-2: Ground out 6-3 (Groundball, 6, EV 100.0 MPH)
|
| Bottom of the 8th over - 1 run, 2 hits, 0 errors, 1 left on base; Kane County 7 - Lakewood 2 |
| TOP OF THE 9TH |
|
Kane County Cougars batting - Pitching for Lakewood BlueClaws : RHP Ricardo Dominguez
|
|
Batting: RHB John Pena
|
0-0: Called Strike 0-1: SINGLE (Groundball, 6MD, EV 108.8 MPH)
|
|
Pitching: RHP Ronnie DeAngelo
|
|
|
Batting: RHB Marlon Reda
|
0-0: Ball 1-0: Foul Ball, location: 2F 1-1: Swinging Strike 1-2: Strikes out swinging
|
|
Batting: RHB Jake Hodge
|
0-0: Ball 1-0: Ball 2-0: Foul Ball, location: 2F 2-1: Ball 3-1: Base on Balls John Pena to second
|
|
Batting: LHB T.J. Duvall
|
0-0: Ball 1-0: Ball 2-0: Ball 3-0: Base on Balls John Pena to third Jake Hodge to second
|
|
Batting: LHB Brian Nielsen
|
0-0: Ball 1-0: Fly out, F8 (Flyball, 8RM, EV 92.5 MPH) Runner from 3rd tags up, OUT at HOME! 8-2
|
| Top of the 9th over - 0 runs, 1 hit, 0 errors, 2 left on base; Kane County 7 - Lakewood 2 |
| BOTTOM OF THE 9TH |
|
Lakewood BlueClaws batting - Pitching for Kane County Cougars : RHP Rich Garces
|
|
Batting: LHB Troy Hodge
|
0-0: SINGLE (Groundball, 6D, EV 94.4 MPH)
|
|
Pinch Hitting: SHB Bob Dixon
|
0-0: Called Strike 0-1: Ball 1-1: DOUBLE (Flyball, 8LXD, EV 111.3 MPH) Troy Hodge to third
|
|
Batting: RHB Alberto Ramirez
|
0-0: Called Strike 0-1: Swinging Strike 0-2: Ball 1-2: Ball 2-2: Ball 3-2: DOUBLE (Flyball, 8RXD, EV 111.9 MPH) Troy Hodge scores Bob Dixon scores
|
|
Pitching: RHP Jose Fernandez
|
|
|
Batting: RHB Victor Arroyo
|
0-0: Called Strike 0-1: Ball 1-1: Ball 2-1: Foul Ball, location: 2F 2-2: Ball 3-2: Ground out 6-3 (Groundball, 6, EV 81.3 MPH) Alberto Ramirez to third
|
|
Batting: RHB Kyle Morse
|
0-0: Swinging Strike 0-1: Foul Ball, location: 2F 0-2: Foul Ball, location: 2F 0-2: Strikes out swinging
|
|
Batting: RHB Roberto Ruiz
|
0-0: Called Strike 0-1: Foul Ball, location: 2F 0-2: Ball 1-2: DOUBLE (Line Drive, 78M, EV 95.0 MPH) Alberto Ramirez scores
|
|
Batting: RHB Steve Jones
|
0-0: Ball 1-0: Foul Ball, location: 2F 1-1: Called Strike 1-2: Foul Ball, location: 2F 1-2: Foul Ball, location: 2F 1-2: Strikes out swinging
|
| Bottom of the 9th over - 3 runs, 4 hits, 0 errors, 1 left on base; Kane County 7 - Lakewood 5 |
|